 Dungeon Crawl Stone Soup version 0.30.1-11-g7821555f0a (webtiles) character file.

Game seed: 9489325357714400174

55780 Voland the Devastator (level 14, -8/86 HPs)
             Began as a Tengu Air Elementalist on Dec 16, 2023.
             Was a High Priest of Sif Muna.
             Mangled by an eleionoma simulacrum (15 damage)
             ... summoned by an orange crystal statue
             ... in a Gauntlet on Dec 17, 2023.
             The game lasted 01:21:44 (31726 turns).

Voland the Devastator (Tengu Air Elementalist)     Turns: 31726, Time: 01:21:45

Health: -8/86      AC:  8    Str:  9    XL:     14   Next: 78%
Magic:  3/30       EV: 20    Int: 24    God:    Sif Muna [*****.]
Gold:   1324       SH:  5    Dex: 16    Spells: 5/36 levels left

rFire   . . .        i - +0 spear
rCold   + . .        (no shield)
rNeg    . . .        o - +0 leather armour of the Salmon {Int+5 SInv}
rPois   .            (helmet restricted)
rElec   .            (no cloak)
rCorr   .            C - +0 pair of gloves
SInv    +            (boots unavailable)
Will    +....        e - amulet of reflection
Stlth   ++           h - ring of protection from cold
HPRegen 0.34/turn    E - +4 ring of protection
MPRegen 0.22/turn

%: no teleportation, reflection
@: flying quickly and evasively, quick
A: beak, talons 3, nimble flight
a: Renounce Religion, Channel Magic, Forget Spell, Divine Exegesis


You were in a Gauntlet.
You worshipped Sif Muna.
Sif Muna was extremely pleased with you.
You visited 4 branches of the dungeon, and saw 18 of its levels.
You also visited: Sewer, Ossuary, Gauntlet and Ice Cave.

You collected 1324 gold pieces.

Inventory:

Hand Weapons
 i - a +0 spear (weapon)
 z - the +2 great mace of Thoughtfulness {antimagic, rN++ Will-}
   (You found it in a Gauntlet)

   rN:        It greatly protects you from negative energy.
   Will:      It decreases your willpower.
Armour
 o - the +0 leather armour of the Salmon (worn) {Int+5 SInv}
   (You found it on level 2 of the Dungeon)

   Int:       It affects your intelligence (+5).
   SInv:      It lets you see invisible.
 C - a +0 pair of gloves (worn)
 O - a +2 robe of cold resistance
 P - the +5 robe of Night {Dark Will+ SInv}
   (You found it on level 9 of the Dungeon)

   Dark:      It shrouds the wearer in darkness, reducing the range at which
   they can see and be seen by others.
   SInv:      It lets you see invisible.
   Will:      It increases your willpower.
Jewellery
 a - a +5 ring of evasion
 e - an amulet of reflection (around neck)
 h - a ring of protection from cold (left hand)
 t - a ring of ice
 w - an amulet of regeneration
 E - a +4 ring of protection (right hand)
 K - a ring of willpower
 M - a ring of poison resistance
Wands
 u - a wand of polymorph (4)
 x - a wand of digging (8)
 y - a wand of roots (16)
 A - a wand of quicksilver (9)
 F - a wand of mindburst (14)
 G - a wand of flame (10)
 Q - a wand of paralysis (5)
Scrolls
 c - 4 scrolls of poison
 d - 3 scrolls of blinking
 j - a scroll of magic mapping
 n - 3 scrolls of vulnerability
 p - 2 scrolls of silence
 q - 7 scrolls of fog
 r - 2 scrolls of immolation
 s - 7 scrolls of teleportation
 v - 2 scrolls of fear
 J - a scroll of summoning
Potions
 b - 3 potions of magic
 f - 4 potions of cancellation
 g - 7 potions of curing
 k - 4 potions of might
 l - a potion of attraction {unknown}
 m - 3 potions of lignification
 B - a potion of heal wounds
 D - 4 potions of berserk rage
 H - a potion of brilliance {unknown}
 I - 2 potions of haste
 R - a potion of invisibility {unknown}
Miscellaneous
 L - a phantom mirror
 N - a tin of tremorstones (2/2)


   Skills:
 + Level 9.4 Fighting
 - Level 10.0 Dodging
 - Level 2.0 Stealth
 + Level 11.9 Spellcasting
 + Level 16.3 Conjurations
 + Level 11.3 Fire Magic
 - Level 12.0 Air Magic


You had 5 spell levels left.
You knew the following spells:

 Your Spells              Type           Power      Damage    Failure   Level
a - Shock                 Conj/Air       100%       1d9       1%          1
b - Airstrike             Air            32%        2d(5-21)  1%          4
c - Swiftness             Air            64%        N/A       1%          3
d - Stone Arrow           Conj/Erth      100%       3d13      1%          3
e - Blink                 Tloc           28%        N/A       10%         2
f - Plasma Beam           Fire/Air       31%        2x1d48    8%          6
g - Arcjolt               Conj/Air       35%        1d45      1%          5
h - Orb of Destruction    Conj           37%        9d11      6%          7

Your spell library contained the following spells:

 Spells                   Type           Power      Damage    Failure   Level
 Foxfire                  Conj/Fire      100%       2x1d9     1%          1
 Kiss of Death            Conj/Necr      100%       2d13      1%          1
 Momentum Strike          Conj/Tloc      100%       3d10      1%          2
 Poisonous Vapours        Pois/Air       86%        N/A       1%          2
 Static Discharge         Conj/Air       100%       2-7/arc   1%          2
 Hailstorm                Conj/Ice       52%        3d12      1%          3
 Inner Flame              Hex/Fire       41%        N/A       1%          3
 Summon Lightning Spire   Summ/Air       43%        N/A       5%          4
 Beastly Appendage        Tmut           28%        N/A       6%          1
 Necrotise                Necr           56%        1d6       6%          1
 Sandblast                Erth           28%        2d8       6%          1
 Sting                    Tmut/Pois      56%        1d5       6%          1
 Summon Small Mammal      Summ           56%        N/A       6%          1
 Ensorcelled Hibernation  Hex/Ice        28%        N/A       10%         2
 Lesser Beckoning         Tloc           28%        N/A       10%         2
 Passwall                 Tmut/Erth      11%        N/A       10%         2
 Wereblood                Tmut           14%        N/A       10%         2
 Call Canine Familiar     Summ           14%        N/A       19%         3
 Confusing Touch          Hex            14%        N/A       19%         3
 Portal Projectile        Hex/Tloc       28%        N/A       19%         3
 Spider Form              Tmut/Pois      14%        N/A       19%         3
 Summon Guardian Golem    Hex/Summ       14%        N/A       19%         3
 Vampiric Draining        Necr           14%        2d7       19%         3
 Dispel Undead            Necr           14%        3d10      52%         4
 Leda's Liquefaction      Hex/Erth       7%         N/A       52%         4
 Olgreb's Toxic Radiance  Pois           14%        N/A       52%         4
 Agony                    Necr           14%        N/A       86%         5
 Yara's Violent Unravell  Hex/Tmut       7%         3d5       86%         5
 Conjure Ball Lightning   Conj/Air       35%        3x3d11    2%          6
 Starburst                Conj/Fire      34%        6d10      3%          6
 Maxwell's Capacitive Co  Air            32%        ∞         96%         8
 Storm Form               Tmut/Air       21%        N/A       99%         7
 Borgnjor's Revivificati  Necr           7%         N/A       100%        8
 Discord                  Hex            7%         N/A       100%        8
 Disjunction              Tloc           7%         N/A       100%        8
 Polar Vortex             Ice            7%         N/A       100%        9


Dungeon Overview and Level Annotations

Branches:
Dungeon (11/15)            Temple (1/1) D:4            Lair (5/5) D:8
 Shoals (0/4) Lair:3       Spider (1/4) Lair:3        Slime (0/5) Lair:4
    Orc (0/2) D:11          Sewer (visited)         Ossuary (visited)
  IceCv (visited)         Gauntlet (1/1)

Altars:
Cheibriados
Dithmenos
Elyvilon
Gozag
Kikubaaqudgha
Nemelex Xobeh
Ru
Sif Muna
Trog
Uskayaw
Vehumet
Zin
Jiyva

Annotations:
Gauntlet 9 transporters, exclusion: orange crystal statue


Innate Abilities, Weirdness & Mutations

You have a beak for a mouth.
You have claws for feet.
Your magical nature lets you fly swiftly and evasively.


Message History

The orange crystal statue resists.
The orange crystal statue is heavily damaged.
The orange crystal statue fixes its piercing gaze on you.
You feel your power leaking away.
You fail to use your ability.
The shapeshifter zombie hits you but does no damage.
You fail to use your ability.
You fail to use your ability.
The shapeshifter zombie misses you.
You fail to use your ability.
The culicivora simulacrum closely misses you.
The shapeshifter zombie barely misses you.
You fail to use your ability.
The culicivora simulacrum bites you. The culicivora simulacrum freezes you!
You resist.
The shapeshifter zombie hits you but does no damage.
The culicivora simulacrum closely misses you.
You fail to use your ability.
The culicivora simulacrum bites you. The culicivora simulacrum freezes you!
You resist. The eleionoma simulacrum hits you!
The eleionoma simulacrum freezes you!! You resist.
The shapeshifter zombie barely misses you.
You fail to use your ability.
The culicivora simulacrum closely misses you.
You fail to use your ability.
The culicivora simulacrum barely misses you.
The eleionoma simulacrum hits you.
* * * LOW HITPOINT WARNING * * *
The eleionoma simulacrum freezes you! You resist.
* * * LOW HITPOINT WARNING * * *
You block the shapeshifter zombie's attack.
The culicivora simulacrum misses you.
You fail to use your ability.
The eleionoma simulacrum barely misses you.
You block the shapeshifter zombie's attack.
The culicivora simulacrum closely misses you.
The culicivora simulacrum attacks as you move away!
You block the culicivora simulacrum's attack.
The shapeshifter zombie misses you. The eleionoma simulacrum hits you!
* * * LOW HITPOINT WARNING * * *
The eleionoma simulacrum freezes you! You resist.
You die...

#.........############
############≈#§#≈#≈#≈###
...8.∩.8.....§........≈#
......................##
.#########.#########..§#
.#zzz#z#z#.#.$.©[?8#.§##
.#.#.#:z##.#..####.#.§§#
.#.#.#.!z#.#.#...#.#§§##
.#.#.©####.#.#.Z@#.#§.§#
.#.#.zzzz#.#.#.ZZ#.#..##
.#..####z#.#.####b.#..≈#
.#.zzzzzz#.#......p#..##
####################..≈#
.....©.........©.#..§###
.....©...........#...§#
##################.§###
##.).©[..##........§§#


You could see an orange crystal statue, a necromancer (summoned, wandering), a
fire bat (summoned), an eleionoma simulacrum (summoned), a culicivora simulacrum
(summoned) and a shapeshifter zombie (summoned).

Vanquished Creatures
  Snorg (Lair:4)
  An entropy weaver (Gauntlet)
  6 hydras
  Fannar (Lair:3)
  A merfolk avatar (Lair:5)
  A catoblepas (Lair:5)
  A two-headed ogre (D:9)
  A boulder beetle (Lair:2)
  A fire crab (Lair:3)
  A skyshark (Lair:4)
  Lodul (D:10)
  3 sea snakes (Lair:5)
  A lindwurm (Lair:5)
  3 harpies (Lair:3)
  2 manticores
  An ugly thing (Lair:4)
  A wolf spider (Gauntlet)
  2 black mambas
  21 elephants
  A torpor snail (Lair:1)
  12 cane toads
  6 rime drakes
  16 komodo dragons
  4 polar bears
  A wolf spider simulacrum (Gauntlet)
  A troll (D:9)
  Grinder (D:6)
  5 dream sheep (D:9)
  3 wind drakes (Lair:5)
  3 hornets
  19 blink frogs
  3 centaur simulacra (Gauntlet)
  2 jumping spiders (Gauntlet)
  A wraith (D:9)
  2 shadows (D:9)
  4 slime creatures
  A spriggan (Lair:1)
  A vampire (D:9)
  7 wyverns
  27 yaks
  2 basilisks
  2 steam dragons
  4 vampire mosquitoes
  A warg (D:11)
  17 water moccasins
  4 sky beasts
  3 orc warriors
  3 ice beasts
  Pargi (Sewer)
  8 ogres
  11 wolves
  5 centaurs
  2 kobold brigands
  3 gnoll sergeants
  17 scorpions
  8 bullfrogs
  A cane toad simulacrum (IceCv)
  A hornet simulacrum (Gauntlet)
  5 wights (D:9)
  11 killer bees
  6 howler monkeys
  An electric eel (Lair:4)
  2 centaur zombies (Ossuary)
  3 jellies
  A hound (D:7)
  2 human zombies (Ossuary)
  3 orc priests
  4 iguanas
  5 orc wizards
  9 scorpion zombies (Ossuary)
  Ijyb (D:5)
  2 gnoll boudas
  5 sleepcaps
  The ghost of Godot the Trooper, a weakling OgBe of Trog (D:3)
  A wolf simulacrum (IceCv)
  3 mummies (Ossuary)
  23 gnolls
  4 adders
  3 river rats (D:5)
  2 shadow imps
  2 white imps
  2 ufetubi
  A worm (Lair:3)
  A dart slug (D:1)
  33 orcs
  9 ball pythons
  5 bats
  6 endoplasms
  5 giant cockroaches
  6 goblins
  2 hobgoblins
  2 jackals (D:3)
  17 kobolds
  5 quokkas
  3 frilled lizards
  A gnoll zombie (Ossuary)
  4 goblin zombies
  2 hobgoblin zombies (Ossuary)
  3 kobold zombies (Ossuary)
  An orc zombie (Ossuary)
  7 rats
  A rat zombie (D:8)
478 creatures vanquished.

Notes
Turn   | Place    | Note
-------+----------+-------------------------------------------
     0 | D:1      | Voland the Tengu Air Elementalist began the quest for the
                  | Orb.
     0 | D:1      | Reached XP level 1. HP: 10/10 MP: 4/4
   120 | D:1      | Reached XP level 2. HP: 15/15 MP: 3/6
   297 | D:1      | Reached skill level 2 in Conjurations
   619 | D:1      | Reached XP level 3. HP: 19/19 MP: 1/7
  1821 | D:2      | Identified the +0 leather armour of the Salmon {Int+5 SInv}
  3050 | D:3      | Reached XP level 4. HP: 24/24 MP: 1/8
  3126 | D:3      | Learned a level 4 spell: Airstrike
  3130 | D:3      | Learned a level 3 spell: Swiftness
  3270 | D:3      | Got the Octavo of Vile Transmogrification
  3582 | D:3      | Found a runed translucent gate.
  3582 | D:3      | Found a runed translucent gate.
  3582 | D:3      | Found a runed translucent gate.
  3583 | D:3      | Noticed Godot's ghost (weakling OgBe)
  3603 | D:3      | Reached skill level 3 in Conjurations
  3914 | D:3      | Reached skill level 5 in Air Magic
  5195 | D:4      | Gained mutation: Your magical nature lets you fly swiftly
                  | and evasively. [Tengu growth]
  5195 | D:4      | Reached XP level 5. HP: 19/28 MP: 6/10
  5230 | D:4      | Found a staircase to the Ecumenical Temple.
  5240 | Temple   | Entered the Ecumenical Temple
  5248 | Temple   | Became a worshipper of Sif Muna the Loreminder
  5951 | D:4      | Found a staircase to the Ecumenical Temple.
  5975 | D:5      | Entered Level 5 of the Dungeon
  5988 | D:5      | Noticed Ijyb
  5995 | D:5      | Killed Ijyb
  6207 | D:5      | Found a glowing drain.
  6210 | D:5      | Reached XP level 6. HP: 32/32 MP: 8/11
  6217 | D:5      | Reached skill level 4 in Conjurations
  6306 | D:5      | Noticed a water moccasin
  6314 | D:5      | Killed a water moccasin
  6326 | D:5      | HP: 1/32 [poisoned by a water moccasin]
  6347 | Sewer    | Entered a sewer
  6469 | Sewer    | Noticed Pargi
  6473 | Sewer    | Killed Pargi
  6474 | Sewer    | Reached XP level 7. HP: 33/36 MP: 9/13
  6717 | D:5      | Reached skill level 5 in Conjurations
  7320 | D:5      | Reached skill level 5 in Dodging
  7542 | D:6      | Noticed Grinder
  7550 | D:6      | Killed Grinder
  7551 | D:6      | Reached skill level 6 in Conjurations
  7551 | D:6      | Reached XP level 8. HP: 33/41 MP: 7/15
  7784 | D:6      | Reached * piety under Sif Muna
  7938 | D:6      | Reached skill level 5 in Spellcasting
  8215 | D:6      | Reached skill level 7 in Conjurations
  8390 | D:6      | Noticed a wyvern
  8394 | D:6      | Killed a wyvern
  8395 | D:6      | Reached XP level 9. HP: 45/45 MP: 4/18
  9062 | D:7      | Reached skill level 8 in Conjurations
  9539 | D:7      | Reached ** piety under Sif Muna
 10252 | D:8      | Reached skill level 9 in Conjurations
 10274 | D:8      | Reached XP level 10. HP: 43/50 MP: 2/20
 10330 | D:8      | Found a sand-covered staircase.
 10345 | Ossuary  | Entered an ossuary
 10549 | Ossuary  | Reached skill level 10 in Air Magic
 11173 | Ossuary  | Reached *** piety under Sif Muna
 11848 | D:8      | You are sucked into a shaft and drop 2 floors!
 11848 | D:10     | Entered Level 10 of the Dungeon
 11964 | D:9      | Learned a level 3 spell: Stone Arrow
 11967 | D:9      | Learned a level 2 spell: Blink
 12010 | D:9      | Noticed a two-headed ogre
 12019 | D:9      | Reached skill level 10 in Conjurations
 12145 | D:9      | Got Sif Muna's Thoughts on the Combustive Winter
 12153 | D:9      | Learned a level 6 spell: Plasma Beam
 12317 | D:10     | Reached skill level 1 in Fire Magic
 13146 | D:9      | Found a radiant altar of Vehumet.
 13146 | D:9      | Found a bloodstained altar of Trog.
 13148 | D:9      | Found a glowing silver altar of Zin.
 13161 | D:9      | Found a hide-covered altar of Uskayaw.
 13360 | D:8      | Found a staircase to the Lair.
 13489 | D:8      | Identified the +0 leather armour of the Trombone {-Tele
                  | Str+5 Slay+5}
 14258 | D:8      | Found a sacrificial altar of Ru.
 14368 | Lair:1   | Entered Level 1 of the Lair of Beasts
 14374 | Lair:1   | Reached XP level 11. HP: 54/54 MP: 2/23
 15041 | Lair:1   | Reached skill level 11 in Conjurations
 15156 | Lair:1   | Reached **** piety under Sif Muna
 16183 | Lair:1   | Reached skill level 10 in Dodging
 16244 | Lair:1   | Found a shadowy altar of Dithmenos.
 16407 | Lair:1   | Noticed an eight-headed hydra
 16407 | Lair:1   | Noticed a seven-headed hydra
 16429 | Lair:1   | Reached skill level 5 in Fire Magic
 16688 | D:8      | Killed an eight-headed hydra
 16689 | D:8      | Reached skill level 1 in Fighting
 16841 | D:8      | Killed a seven-headed hydra
 16842 | D:8      | Reached skill level 12 in Conjurations
 17111 | Lair:2   | Noticed a boulder beetle
 17132 | Lair:2   | Reached XP level 12. HP: 64/64 MP: 8/25
 18188 | Lair:2   | Killed a boulder beetle
 18818 | Lair:3   | Noticed a six-headed hydra
 18821 | Lair:3   | Killed a six-headed hydra
 18826 | Lair:3   | Reached skill level 13 in Conjurations
 19303 | Lair:3   | Found a staircase to the Shoals.
 19318 | Lair:3   | Noticed Fannar
 19466 | Lair:3   | Reached skill level 5 in Fighting
 19887 | Lair:3   | Found a hole to the Spider Nest.
 20113 | Lair:3   | Reached ***** piety under Sif Muna
 20342 | Lair:3   | Reached skill level 10 in Spellcasting
 20342 | Lair:3   | Reached XP level 13. HP: 74/74 MP: 16/28
 20396 | Lair:3   | Killed Fannar
 20878 | Lair:3   | Reached skill level 14 in Conjurations
 21715 | Lair:4   | Found a viscous altar of Jiyva.
 21715 | Lair:4   | Found a staircase to the Slime Pits.
 21732 | Lair:4   | Found a frozen archway.
 21748 | IceCv    | Entered an ice cave
 21758 | IceCv    | Found a transporter.
 21758 | IceCv    | Found a transporter.
 21991 | Spider:1 | Entered Level 1 of the Spider Nest
 22900 | Lair:4   | Received a gift from Sif Muna
 23619 | Lair:4   | Noticed Snorg
 23624 | Lair:4   | Killed Snorg
 24598 | Lair:5   | Entered Level 5 of the Lair of Beasts
 24699 | Lair:5   | Reached skill level 15 in Conjurations
 25506 | Lair:5   | Reached skill level 10 in Fire Magic
 25577 | Lair:4   | Reached XP level 14. HP: 73/83 MP: 7/30
 27308 | Lair:5   | HP: 2/84 [wind drake/the air (12)]
 28252 | D:3      | Killed Godot's ghost
 28769 | D:9      | Reached skill level 16 in Conjurations
 28813 | D:9      | Received a gift from Sif Muna
 28814 | D:9      | Got Totwovu's Atlas of the Disgusting Tempest {god gift}
 28821 | D:9      | Learned a level 5 spell: Arcjolt
 29001 | D:9      | Found the +5 robe of Night {Dark Will+ SInv}
 30201 | D:10     | Noticed Lodul
 30389 | D:10     | Killed Lodul
 31026 | D:11     | Received a gift from Sif Muna
 31027 | D:11     | Got Sif Muna's Omnibus of the Arsonist and Bolts {god gift}
 31046 | D:11     | Learned a level 7 spell: Orb of Destruction
 31219 | D:11     | Found a gate leading to a gauntlet.
 31228 | Gauntlet | Entered a Gauntlet
 31228 | Gauntlet | Found a transporter.
 31228 | Gauntlet | Found a transporter.
 31234 | Gauntlet | Found a transporter.
 31247 | Gauntlet | Found a transporter.
 31262 | Gauntlet | Found a runed translucent door.
 31265 | Gauntlet | Found a transporter.
 31265 | Gauntlet | Found a transporter.
 31268 | Gauntlet | Found a transporter.
 31268 | Gauntlet | Found a transporter.
 31283 | Gauntlet | Found a transporter.
 31296 | Gauntlet | Found a transporter.
 31309 | Gauntlet | Found a transporter.
 31309 | Gauntlet | Noticed a quicksilver ooze
 31324 | Gauntlet | Found a transporter.
 31344 | Gauntlet | Found a transporter.
 31344 | Gauntlet | Found a transporter.
 31531 | Gauntlet | Identified the +2 great mace of Thoughtfulness {antimagic,
                  | rN++ Will-}
 31690 | Gauntlet | Identified the +2 pair of boots "Imaulu Supoc" {rF+ rC+
                  | rCorr Str+3}
 31726 | Gauntlet | Mangled by an eleionoma simulacrum

Illustrated notes

Levels and vault maps discovered:
D:1:      lordsloth_arrival_two_stooges, layout_loops_ring
D:2:      layout_loops_cross, minmay_gold_behind_fungi
D:3:      layout_loops_corners, gammafunk_ghost_split, nrook_loot_triangle,
          grunt_decor_clamped, nrook_mini_backslash
D:4:      layout_basic, minmay_temple_entry_statues_fountains,
          hangedman_abyss_or_decor_stagger, st_stairs_3,
          hangedman_abyss_or_decor_stabs, minivault_25, corexii_leaking_fountain
D:5:      layout_loops_ring, portal_sewer_entry_e, kennysheep_generic_room_3,
          uniq_ijyb
D:6:      layout_loops_ring, uniq_grinder
D:7:      layout_gridville
D:8:      layout_cave_pods, lemuel_round_altar, lair_entry_dummy,
          enter_ossuary_4, kennysheep_generic_room_7
D:9:      layout_loops_ring, nicolae_overflow_quartered_altars,
          hellmonk_guarded_unrand_night
D:10:     layout_cave_pools, hellmonk_bongcloud_opening, uniq_lodul
D:11:     layout_basic, erik_orc_4, gauntlet_entry_generic,
          small_statue_alley_a, minmay_holes, nicolae_take_the_stairs
Temple:   nicolae_temple_bog_church
Lair:1:   layout_chaotic_city, basic_altar, grunt_forest_large_clearing_hut
Lair:2:   layout_cave_shapes, grunt_megastairs_4
Lair:3:   layout_cave_pods, nicolae_shoals_entry_roost,
          nicolae_spider_entry_non_spiders, uniq_fannar
Lair:4:   layout_cave_shapes, slime_entry_1, portal_ice_cave_rime,
          serial_bayou_shore_a, uniq_snorg
Lair:5:   gammafunk_lair_ancient_temple, layout_long_grid, grunt_megastairs_3
Spider:1: layout_spider_delve
Gauntlet: gammafunk_gauntlet_mixed_choke_point
          [minmay_gauntlet_arena_77_block_sizes, minmay_gauntlet_arena_77_path,
          minmay_gauntlet_arena_77_museum, nicolae_gauntlet_arena_x,
          minmay_gauntlet_arena_77_two_paths,
          minmay_gauntlet_arena_77_radiant_squares,
          minmay_gauntlet_arena_77_box, nicolae_gauntlet_exit_dead_adventurers]

Skill      XL: |  1  2  3  4  5  6  7  8  9 10 11 12 13 14 |
---------------+-------------------------------------------+-----
Conjurations   | 2 3 4 6 7 9 10 12 13 15 16 | 16.3
Dodging        | 3 4 5 6 7 9 10 | 10.0
Air Magic      | 5 6 7 8 9 11 12 | 12.0
Spellcasting   | 3 4 5 6 7 8 10 11 | 11.9
Fire Magic     | 2 5 8 10 11 | 11.3
Fighting       | 2 5 7 9 |  9.4
Stealth        | |  2.0

Action                     |  1- 3 |  4- 6 |  7- 9 | 10-12 | 13-15 || total
---------------------------+-------+-------+-------+-------+-------++-------
  Melee: Spear             |     1 |     2 |     9 |    24 |    35 ||    71
         Kick              |       |     1 |     2 |     7 |    26 ||    36
         Peck              |       |       |     4 |     5 |    11 ||    20
   Cast: Shock             |    79 |    73 |   112 |    62 |    19 ||   345
         Airstrike         |       |     1 |    52 |   238 |   355 ||   646
         Swiftness         |       |       |     1 |     2 |     2 ||     5
         Stone Arrow       |       |       |       |    93 |    43 ||   136
         Blink             |       |       |       |     2 |     2 ||     4
         Plasma Beam       |       |       |       |       |    16 ||    16
         Arcjolt           |       |       |       |       |     5 ||     5
 Invoke: Channel Magic     |       |       |       |       |     6 ||     6
  Evoke: Wand              |       |       |       |     6 |     7 ||    13
    Use: Scroll            |       |       |     5 |    13 |    10 ||    28
         Potion            |       |       |     1 |     1 |     4 ||     6
 Armour: Leather armour    |       |     4 |     4 |    42 |    54 ||   104
  Dodge: Dodged            |     7 |    18 |    41 |   140 |   181 ||   387
  Block: Other             |       |     5 |    15 |    33 |    53 ||   106
         Reflection        |       |       |     2 |       |     3 ||     5
